PL
PANAMA CITY PIRANHAS @ BOSTON PATRIOTS
08/16/2025
 
TOP OF THE 1ST
Panama City Piranhas batting - Pitching for Boston Patriots : RHP Lúcio Sánchez
Pitching: RHP Lúcio Sánchez
Batting: RHB Tim Barnes 0-0: Called Strike
0-1: Swinging Strike
0-2: Ball
1-2: Strikes out swinging
Batting: RHB Armando Alvarado 0-0: Swinging Strike
0-1: Ball
1-1: Called Strike
1-2: Foul Ball, location: 2F
1-2: Ball
2-2: Foul Ball, location: 2F
2-2: Ball
3-2: Strikes out swinging
Batting: LHB Robert Adams 0-0: Called Strike
0-1: Called Strike
0-2: Ball
1-2: Strikes out swinging
Top of the 1st over - 0 run(s), 0 hit(s), 0 error(s), 0 left on base; Panama City 0 - Boston 0
BOTTOM OF THE 1ST
Boston Patriots batting - Pitching for Panama City Piranhas : LHP Kirby Buckner
Pitching: LHP Kirby Buckner
Batting: RHB Tommy Jones 0-0: Ball
1-0: Swinging Strike
1-1: Foul Ball, location: 2F
1-2: Ground out 4-3 (Groundball, 4)
Batting: RHB Ben Ross 0-0: Ground out 6-3 (Groundball, 6)
Batting: RHB Tamasaburo Kato 0-0: Called Strike
0-1: Ground out 5-3 (Groundball, 56S)
Bottom of the 1st over - 0 run(s), 0 hit(s), 0 error(s), 0 left on base; Panama City 0 - Boston 0
TOP OF THE 2ND
Panama City Piranhas batting - Pitching for Boston Patriots : RHP Lúcio Sánchez
Batting: LHB Sergio Muñóz 0-0: Swinging Strike
0-1: Called Strike
0-2: Strikes out swinging
Batting: LHB Herman Hayes 0-0: Ball
1-0: Ball
2-0: Ball
3-0: Called Strike
3-1: Called Strike
3-2: Strikes out looking
Batting: SHB Marc Talamante 0-0: Fly out, F8 (Flyball, 8LD)
Top of the 2nd over - 0 run(s), 0 hit(s), 0 error(s), 0 left on base; Panama City 0 - Boston 0
BOTTOM OF THE 2ND
Boston Patriots batting - Pitching for Panama City Piranhas : LHP Kirby Buckner
Batting: RHB Abílio Conceio 0-0: Ball
1-0: Foul Ball, location: 2F
1-1: Swinging Strike
1-2: Ball
2-2: Ball
3-2: Strikes out swinging
Batting: LHB Ki-tak Im 0-0: Ball
1-0: Ball
2-0: Called Strike
2-1: Ball
3-1: Base on Balls
Batting: RHB Terry Armstrong 0-0: Swinging Strike
0-1: DOUBLE (Groundball, 5L)
Ki-tak Im to third
Batting: LHB Jorge Pérez 0-0: Called Strike
0-1: Swinging Strike
0-2: Ground out U3 (Groundball, 34)
Ki-tak Im scores
Terry Armstrong to third
Batting: RHB Brent Ryan 0-0: Foul Ball, location: 2F
0-1: Ball
1-1: Foul Ball, location: 2F
1-2: SINGLE (Groundball, 56D)
Terry Armstrong scores
Batting: RHB Karl Schultz 0-0: Ball
1-0: Called Strike
1-1: Ball
2-1: Ball
3-1: SINGLE (Groundball, 56D)
Brent Ryan to second
Batting: RHB Tommy Jones 0-0: Called Strike
0-1: Foul Ball, location: 2F
0-2: Strikes out looking
Bottom of the 2nd over - 2 run(s), 3 hit(s), 0 error(s), 2 left on base; Panama City 0 - Boston 2
TOP OF THE 3RD
Panama City Piranhas batting - Pitching for Boston Patriots : RHP Lúcio Sánchez
Batting: RHB Brad Perry 0-0: Swinging Strike
0-1: Foul Ball, location: 2F
0-2: Ball
1-2: Strikes out swinging
Batting: LHB Francisco Sánchez 0-0: Ball
1-0: Called Strike
1-1: Ball
2-1: Called Strike
2-2: Strikes out swinging
Batting: SHB Jorge González 0-0: Ball
1-0: Ground out 1-3 (Groundball, P)
Top of the 3rd over - 0 run(s), 0 hit(s), 0 error(s), 0 left on base; Panama City 0 - Boston 2
BOTTOM OF THE 3RD
Boston Patriots batting - Pitching for Panama City Piranhas : LHP Kirby Buckner
Batting: RHB Ben Ross 0-0: Fly out, F9 (Flyball, 9S)
Batting: RHB Tamasaburo Kato 0-0: Ball
1-0: Ball
2-0: Ball
3-0: Base on Balls
Batting: RHB Abílio Conceio 0-0: Called Strike
0-1: Ball
1-1: Swinging Strike
1-2: Foul Ball, location: 2F
1-2: Foul Ball, location: 2F
1-2: Ball
2-2: Foul Ball, location: 2F
2-2: Strikes out looking
Batting: LHB Ki-tak Im 0-0: Called Strike
0-1: Foul Ball, location: 2F
0-2: Ball
1-2: Ball
2-2: Ground out 3-1 (Groundball, 23)
Bottom of the 3rd over - 0 run(s), 0 hit(s), 0 error(s), 1 left on base; Panama City 0 - Boston 2
TOP OF THE 4TH
Panama City Piranhas batting - Pitching for Boston Patriots : RHP Lúcio Sánchez
Batting: RHB Tim Barnes 0-0: Ball
1-0: SINGLE (Groundball, 56S) (infield hit)
Batting: RHB Armando Alvarado 0-0: Foul Ball, location: 2F
0-1: Foul Ball, location: 2F
0-2: Fly out, F7 (Flyball, 7LMF)
Batting: LHB Robert Adams 0-0: DOUBLE (Line Drive, 89M)
Tim Barnes to third
Batting: LHB Sergio Muñóz 0-0: Ball
1-0: Foul Ball, location: 2F
1-1: Fly out, F9 (Flyball, 9LMF)
Runner from 3rd tags up, SCORES, no throw
Batting: LHB Herman Hayes 0-0: Called Strike
0-1: Ball
1-1: Ground out 4-3 (Groundball, 4)
Top of the 4th over - 1 run(s), 2 hit(s), 0 error(s), 1 left on base; Panama City 1 - Boston 2
BOTTOM OF THE 4TH
Boston Patriots batting - Pitching for Panama City Piranhas : LHP Kirby Buckner
Batting: RHB Terry Armstrong 0-0: Called Strike
0-1: Ball
1-1: Foul Ball, location: 2F
1-2: Ground out 6-3 (Groundball, 56)
Batting: LHB Jorge Pérez 0-0: Called Strike
0-1: Reached on error, E5 (Groundball, 56)
Batting: RHB Brent Ryan 0-0: Ball
1-0: Called Strike
1-1: Swinging Strike
1-2: Strikes out swinging
Batting: RHB Karl Schultz 0-0: Called Strike
0-1: Ground out 4-3 (Groundball, 4S)
Bottom of the 4th over - 0 run(s), 0 hit(s), 1 error(s), 1 left on base; Panama City 1 - Boston 2
TOP OF THE 5TH
Panama City Piranhas batting - Pitching for Boston Patriots : RHP Lúcio Sánchez
Batting: SHB Marc Talamante 0-0: Ball
1-0: Called Strike
1-1: Ball
2-1: Swinging Strike
2-2: Foul Ball, location: 2F
2-2: Strikes out swinging
Batting: RHB Brad Perry 0-0: Called Strike
0-1: Ball
1-1: Foul Ball, location: 2F
1-2: Ground out 6-3 (Groundball, 56)
Batting: LHB Francisco Sánchez 0-0: Swinging Strike
0-1: Called Strike
0-2: Ball
1-2: Foul Ball, location: 2F
1-2: Ball
2-2: Strikes out looking
Top of the 5th over - 0 run(s), 0 hit(s), 0 error(s), 0 left on base; Panama City 1 - Boston 2
BOTTOM OF THE 5TH
Boston Patriots batting - Pitching for Panama City Piranhas : LHP Kirby Buckner
Batting: RHB Tommy Jones 0-0: SINGLE (Flyball, 78S)
Batting: RHB Ben Ross 0-0: Called Strike
0-1: Ball
1-1: Ball
2-1: Ground out 5-3 (Groundball, 5S)
Tommy Jones to second
Batting: RHB Tamasaburo Kato 0-0: Ball
1-0: Ball
2-0: Ball
3-0: Base on Balls
Batting: RHB Abílio Conceio 0-0: Called Strike
0-1: Ball
1-1: Foul Ball, location: 2F
1-2: Ball
2-2: Ball
3-2: Base on Balls
Tommy Jones to third
Tamasaburo Kato to second
Batting: LHB Ki-tak Im 0-0: Fly out, F7 (Flyball, 78M)
Runner from 3rd tags up, OUT at HOME
Bottom of the 5th over - 0 run(s), 1 hit(s), 0 error(s), 2 left on base; Panama City 1 - Boston 2
TOP OF THE 6TH
Panama City Piranhas batting - Pitching for Boston Patriots : RHP Lúcio Sánchez
Batting: SHB Jorge González 0-0: Called Strike
0-1: Ball
1-1: Swinging Strike
1-2: Strikes out swinging
Batting: RHB Tim Barnes 0-0: Called Strike
0-1: Called Strike
0-2: Ball
1-2: Foul Ball, location: 2F
1-2: Strikes out swinging
Batting: RHB Armando Alvarado 0-0: Ground out 6-3 (Groundball, 6)
Top of the 6th over - 0 run(s), 0 hit(s), 0 error(s), 0 left on base; Panama City 1 - Boston 2
BOTTOM OF THE 6TH
Boston Patriots batting - Pitching for Panama City Piranhas : LHP Kirby Buckner
Batting: RHB Terry Armstrong 0-0: Foul Ball, location: 2F
0-1: Called Strike
0-2: Ball
1-2: SINGLE (Flyball, 9LS)
Batting: LHB Jorge Pérez 0-0: Grounds into double play, 4-6-3 (Groundball, 4M)
Batting: RHB Brent Ryan 0-0: Ball
1-0: TRIPLE (Line Drive, 78M)
Batting: RHB Karl Schultz 0-0: Ball
1-0: Ball
2-0: Ball
3-0: Called Strike
3-1: Base on Balls
Batting: RHB Tommy Jones 0-0: Foul Ball, location: 2F
0-1: Ball
1-1: Ball
2-1: Ball
3-1: Foul Ball, location: 2F
3-2: Ground out 6-3 (Groundball, 6)
Bottom of the 6th over - 0 run(s), 2 hit(s), 0 error(s), 2 left on base; Panama City 1 - Boston 2
TOP OF THE 7TH
Panama City Piranhas batting - Pitching for Boston Patriots : RHP Lúcio Sánchez
Batting: LHB Robert Adams 0-0: Called Strike
0-1: Ball
1-1: Foul Ball, location: 2F
1-2: Ball
2-2: Foul Ball, location: 2F
2-2: Ground out 6-3 (Groundball, 6M)
Batting: LHB Sergio Muñóz 0-0: Ball
1-0: Foul Ball, location: 2F
1-1: Ball
2-1: SINGLE (Groundball, 34D)
Batting: LHB Herman Hayes 0-0: Ball
1-0: SINGLE (Groundball, 34)
Sergio Muñóz to second
Runner from 2nd tries for 3rd, OUT!
Batting: SHB Marc Talamante 0-0: Called Strike
0-1: Foul Ball, location: 2F
0-2: Strikes out swinging
Top of the 7th over - 0 run(s), 2 hit(s), 0 error(s), 1 left on base; Panama City 1 - Boston 2
BOTTOM OF THE 7TH
Boston Patriots batting - Pitching for Panama City Piranhas : LHP Kirby Buckner
Batting: RHB Ben Ross 0-0: Called Strike
0-1: SOLO HOME RUN (Flyball, 7LD), Distance : 347 ft
Batting: RHB Tamasaburo Kato 0-0: Ball
1-0: Ball
2-0: Ball
3-0: Base on Balls
Batting: RHB Abílio Conceio 0-0: Swinging Strike
0-1: Foul Ball, location: 2F
0-2: Ball
1-2: TRIPLE (Flyball, 9LD)
Tamasaburo Kato scores
Batting: LHB Ki-tak Im 0-0: Fly out, F9 (Flyball, 9S)
Pitching: RHP Francisco Barrios
Batting: RHB Terry Armstrong 0-0: Ball
1-0: Called Strike
1-1: Called Strike
1-2: Ball
2-2: DOUBLE (Flyball, 8RXD)
Abílio Conceio scores
Batting: LHB Jorge Pérez 0-0: Ground out U3 (Groundball, 3)
Terry Armstrong to third
Batting: RHB Brent Ryan 0-0: Called Strike
0-1: Ball
1-1: Ball
2-1: SINGLE (Groundball, 56) (infield hit)
Terry Armstrong scores
Batting: RHB Karl Schultz 0-0: Ball
1-0: Called Strike
1-1: Foul Ball, location: 2F
1-2: Ball
2-2: Ball
Pickoff Throw to First - Out!
Bottom of the 7th over - 4 run(s), 4 hit(s), 0 error(s), 0 left on base; Panama City 1 - Boston 6
TOP OF THE 8TH
Panama City Piranhas batting - Pitching for Boston Patriots : RHP Lúcio Sánchez
Batting: RHB Brad Perry 0-0: Called Strike
0-1: Ground out 6-3 (Groundball, 6)
Batting: LHB Francisco Sánchez 0-0: Fly out, F8 (Flyball, 8RM)
Batting: SHB Jorge González 0-0: Ball
1-0: Swinging Strike
1-1: Called Strike
1-2: Foul Ball, location: 2F
1-2: Ball
2-2: Foul Ball, location: 2F
2-2: Ball
3-2: Foul Ball, location: 2F
3-2: Strikes out looking
Top of the 8th over - 0 run(s), 0 hit(s), 0 error(s), 0 left on base; Panama City 1 - Boston 6
BOTTOM OF THE 8TH
Boston Patriots batting - Pitching for Panama City Piranhas : RHP Francisco Barrios
Batting: RHB Karl Schultz 0-0: Called Strike
0-1: Ball
1-1: Ball
2-1: Swinging Strike
2-2: Strikes out looking
Batting: RHB Tommy Jones 0-0: Ball
1-0: Ball
2-0: Ball
3-0: Called Strike
3-1: Base on Balls
Batting: RHB Ben Ross 0-0: Ball
1-0: Called Strike
1-1: Called Strike
1-2: Foul Ball, location: 2F
1-2: Foul Ball, location: 2F
1-2: Fly out, F8 (Flyball, 8RXD)
Batting: RHB Tamasaburo Kato 0-0: Swinging Strike
0-1: Ball
1-1: Ball
2-1: Ball
3-1: Foul Ball, location: 2F
3-2: Strikes out swinging
Bottom of the 8th over - 0 run(s), 0 hit(s), 0 error(s), 1 left on base; Panama City 1 - Boston 6
TOP OF THE 9TH
Panama City Piranhas batting - Pitching for Boston Patriots : RHP Lúcio Sánchez
Pitching: RHP Robinson Gonzáles
Batting: RHB Tim Barnes 0-0: Foul Ball, location: 2F
0-1: Foul Ball, location: 2F
0-2: Ball
1-2: Strikes out looking
Batting: RHB Armando Alvarado 0-0: Called Strike
0-1: Ball
1-1: Ball
2-1: Ball
3-1: Base on Balls
Batting: LHB Robert Adams 0-0: Called Strike
0-1: Ball
1-1: Ball
2-1: Fly out, F4 (Popup, 4)
Batting: LHB Sergio Muñóz 0-0: Ball
1-0: Called Strike
1-1: Ground out U3 (Groundball, 34)
Top of the 9th over - 0 run(s), 0 hit(s), 0 error(s), 1 left on base; Panama City 1 - Boston 6
Friday, December 30th, 2016 - OOTP Baseball 17.12 Build 75